[ AOE2 MATCH · #505520430 ]
UnrankedByzantines vs Vikings
Player's team · LOSS
Rival team · WIN
[ REPLAY ANALYSIS · EXTRACTED FROM THE RECORDED GAME ]
Feudal
9:35
Castle
24:54
Imperial
—
| APM avg | 83.4 |
| APM peak | 167 |
| eAPM avg | 40.3 |
| Villagers / military | 56 / 56 |
Focus
⚔️ 43.9% · 🌾 56.1%
Archer ×30 · Spearman ×14 · Skirmisher ×7 · Scout Cavalry ×4 · Militia ×1
Feudal
10:52
Castle
21:50
Imperial
—
| APM avg | 30.1 |
| APM peak | 59 |
| eAPM avg | 15.4 |
| Villagers / military | 52 / 25 |
Focus
⚔️ 20.2% · 🌾 79.8%
Archer ×7 · Spearman ×5 · Knight ×4 · Mangonel ×4 · Scout Cavalry ×4 · Militia ×1
Match map
Initial resources + every placement click. Lines = walls · curves = elevation contours. ◆ gold · ⬟ stone · ● berries · ✦ relic · ◌ wall gap
Your base· ✓ Closed at 24:54 · 2t walls · no gate
vallntin's base· ✓ Closed at 21:50 · 0t walls · 2 gate(s)
Smoothed initial terrain · ◌ = detected wall gap · hover for details
Inputs per minute
— OaRMäR - - vallntin
Build order — OaRMäR
First 150 of 187 actions detected
| 0:01 | Queue | Villager (Male) |
| 0:01 | Queue | Villager (Male) |
| 0:02 | Queue | Villager (Male) |
| 0:04 | Build | House |
| 0:06 | Build | House |
| 0:17 | Queue | Villager (Male) |
| 1:28 | Queue | Villager (Male) |
| 1:28 | Queue | Villager (Male) |
| 1:53 | Build | Lumber Camp |
| 1:59 | Queue | Villager (Male) |
| 2:30 | Queue | Villager (Male) |
| 2:30 | Queue | Villager (Male) |
| 2:36 | Queue | Villager (Male) |
| 3:04 | Build | House |
| 3:08 | Queue | Villager (Male) |
| 3:41 | Queue | Villager (Male) |
| 4:11 | Queue | Villager (Male) |
| 4:32 | Queue | Villager (Male) |
| 4:32 | Queue | Villager (Male) |
| 4:50 | Queue | Villager (Male) |
| 5:06 | Build | Mill |
| 5:23 | Queue | Villager (Male) |
| 5:23 | Queue | Villager (Male) |
| 5:29 | Build | House |
| 6:22 | Queue | Villager (Male) |
| 6:23 | Research | Loom |
| 7:16 | Build | House |
| 7:25 | Research | Feudal Age |
| 7:34 | Build | Lumber Camp |
| 8:17 | Build | Palisade Wall |
| 8:29 | Build | Barracks |
| 9:35 | Age | Feudal Age |
| 9:38 | Research | Double-Bit Axe |
| 9:41 | Build | Stable |
| 9:51 | Build | Blacksmith |
| 9:53 | Queue | Villager (Male) |
| 10:17 | Queue | Villager (Male) |
| 10:17 | Queue | Villager (Male) |
| 10:33 | Build | Mining Camp |
| 10:36 | Queue | Scout Cavalry |
| 10:37 | Queue | Scout Cavalry |
| 10:38 | Queue | Spearman |
| 10:51 | Build | House |
| 10:55 | Build | House |
| 10:58 | Queue | Scout Cavalry |
| 11:06 | Queue | Spearman |
| 11:15 | Build | Farm |
| 11:16 | Build | Farm |
| 11:31 | Build | House |
| 11:33 | Build | Palisade Wall |
| 11:45 | Queue | Villager (Male) |
| 11:47 | Queue | Villager (Male) |
| 11:53 | Build | Farm |
| 11:53 | Build | Farm |
| 12:09 | Queue | Villager (Male) |
| 12:21 | Build | Farm |
| 12:40 | Build | Farm |
| 12:42 | Queue | Villager (Male) |
| 13:08 | Build | Farm |
| 13:10 | Research | Horse Collar |
| 13:11 | Research | Horse Collar |
| 13:14 | Queue | Spearman |
| 13:26 | Queue | Villager (Male) |
| 13:29 | Build | Farm |
| 13:57 | Queue | Villager (Male) |
| 14:00 | Build | Farm |
| 14:01 | Build | Farm |
| 14:16 | Research | Scale Barding Armor |
| 14:17 | Research | Scale Barding Armor |
| 14:20 | Queue | Villager (Male) |
| 14:33 | Queue | Spearman |
| 14:33 | Queue | Spearman |
| 14:46 | Queue | Villager (Male) |
| 15:02 | Queue | Villager (Male) |
| 15:08 | Build | Archery Range |
| 15:21 | Build | Farm |
| 15:26 | Queue | Villager (Male) |
| 15:31 | Queue | Spearman |
| 15:42 | Queue | Villager (Male) |
| 15:45 | Build | Farm |
| 16:10 | Queue | Villager (Male) |
| 16:10 | Queue | Villager (Male) |
| 16:16 | Queue | Skirmisher |
| 16:16 | Queue | Skirmisher |
| 16:27 | Queue | Skirmisher |
| 16:35 | Queue | Skirmisher |
| 16:41 | Queue | Villager (Male) |
| 16:43 | Build | House |
| 16:50 | Queue | Scout Cavalry |
| 16:59 | Build | House |
| 17:07 | Queue | Skirmisher |
| 17:50 | Queue | Villager (Male) |
| 17:57 | Queue | Skirmisher |
| 18:14 | Build | Archery Range |
| 18:15 | Queue | Skirmisher |
| 18:17 | Queue | Villager (Male) |
| 18:22 | Build | Farm |
| 18:23 | Build | Farm |
| 18:24 | Build | Farm |
| 18:24 | Build | Mill |
| 18:34 | Queue | Villager (Male) |
| 18:34 | Queue | Villager (Male) |
| 18:38 | Research | Gold Mining |
| 18:38 | Research | Gold Mining |
| 19:03 | Queue | Archer |
| 19:09 | Research | Fletching |
| 19:09 | Research | Fletching |
| 19:13 | Research | Padded Archer Armor |
| 19:13 | Research | Padded Archer Armor |
| 19:18 | Queue | Archer |
| 19:18 | Queue | Archer |
| 19:20 | Queue | Villager (Male) |
| 19:29 | Queue | Spearman |
| 19:30 | Queue | Spearman |
| 19:35 | Build | Farm |
| 19:50 | Queue | Archer |
| 19:51 | Queue | Archer |
| 19:52 | Queue | Villager (Male) |
| 19:57 | Build | House |
| 19:58 | Build | House |
| 20:28 | Queue | Archer |
| 20:28 | Queue | Archer |
| 20:51 | Queue | Archer |
| 20:51 | Queue | Archer |
| 20:51 | Queue | Archer |
| 20:52 | Queue | Archer |
| 21:04 | Queue | Archer |
| 21:05 | Queue | Archer |
| 21:05 | Queue | Archer |
| 21:52 | Queue | Villager (Male) |
| 21:52 | Queue | Villager (Male) |
| 21:53 | Queue | Villager (Male) |
| 22:08 | Queue | Villager (Male) |
| 22:10 | Build | Farm |
| 22:14 | Research | Castle Age |
| 22:14 | Research | Castle Age |
| 22:17 | Queue | Archer |
| 22:17 | Queue | Archer |
| 22:17 | Queue | Archer |
| 22:18 | Queue | Archer |
| 22:30 | Queue | Militia |
| 22:32 | Queue | Spearman |
| 22:47 | Research | Fletching |
| 22:52 | Build | Farm |
| 22:52 | Build | Farm |
| 23:01 | Queue | Archer |
| 23:01 | Queue | Archer |
| 23:03 | Queue | Spearman |
| 23:03 | Queue | Spearman |
| 23:08 | Queue | Villager (Male) |
Build order — vallntin
139 actions detected in the replay
| 0:01 | Queue | Villager (Male) ×4 |
| 0:02 | Build | House |
| 0:03 | Build | House |
| 1:27 | Queue | Villager (Male) |
| 1:46 | Build | Lumber Camp |
| 1:51 | Queue | Villager (Male) |
| 2:27 | Queue | Villager (Male) |
| 2:57 | Queue | Villager (Male) |
| 2:57 | Queue | Villager (Male) |
| 3:28 | Build | House |
| 3:29 | Build | House |
| 3:47 | Queue | Villager (Male) |
| 4:05 | Queue | Villager (Male) |
| 4:22 | Build | Mill |
| 4:35 | Queue | Villager (Male) |
| 4:54 | Queue | Villager (Male) |
| 5:32 | Queue | Villager (Male) |
| 5:33 | Queue | Villager (Male) |
| 6:09 | Queue | Villager (Male) |
| 6:09 | Queue | Villager (Male) |
| 6:09 | Queue | Villager (Male) |
| 6:09 | Queue | Villager (Male) |
| 7:20 | Build | Barracks |
| 7:28 | Build | Mining Camp |
| 7:39 | Research | Loom |
| 8:34 | Build | House |
| 8:42 | Research | Feudal Age |
| 10:14 | Queue | Villager (Male) |
| 10:15 | Queue | Villager (Male) |
| 10:39 | Build | Palisade Gate |
| 10:52 | Age | Feudal Age |
| 10:55 | Build | Archery Range |
| 11:00 | Research | Double-Bit Axe |
| 11:21 | Build | Blacksmith |
| 11:26 | Queue | Spearman |
| 11:29 | Queue | Villager (Male) |
| 11:44 | Queue | Villager (Male) |
| 11:47 | Queue | Spearman |
| 11:48 | Queue | Archer |
| 11:48 | Queue | Archer |
| 11:54 | Build | House |
| 11:56 | Build | Palisade Gate |
| 12:22 | Build | House |
| 12:26 | Queue | Villager (Male) |
| 12:37 | Build | House |
| 12:38 | Build | House |
| 12:45 | Queue | Archer |
| 12:47 | Queue | Archer |
| 12:51 | Queue | Militia |
| 13:03 | Queue | Spearman |
| 13:10 | Queue | Archer |
| 13:14 | Queue | Spearman |
| 13:21 | Build | House |
| 13:23 | Research | Fletching |
| 13:24 | Research | Padded Archer Armor |
| 14:06 | Queue | Archer |
| 14:09 | Queue | Villager (Male) |
| 14:11 | Build | House |
| 14:27 | Build | House |
| 14:39 | Build | Farm |
| 14:40 | Queue | Villager (Male) |
| 14:41 | Build | House |
| 14:43 | Build | House |
| 14:45 | Build | House |
| 14:52 | Queue | Villager (Male) |
| 15:08 | Build | House |
| 15:10 | Build | Farm |
| 15:18 | Queue | Archer |
| 15:25 | Queue | Villager (Male) |
| 15:36 | Build | Farm |
| 15:37 | Queue | Villager (Male) |
| 15:59 | Build | House |
| 16:00 | Build | House |
| 16:50 | Build | Farm |
| 16:51 | Build | Farm |
| 16:53 | Build | Farm |
| 16:53 | Queue | Villager (Male) |
| 16:54 | Queue | Villager (Male) |
| 16:57 | Build | Farm |
| 16:57 | Build | Farm |
| 16:57 | Build | Farm |
| 16:57 | Build | Farm |
| 18:11 | Build | Farm |
| 18:12 | Build | Farm |
| 18:15 | Build | House |
| 18:17 | Queue | Villager (Male) |
| 18:24 | Build | Market |
| 18:44 | Queue | Villager (Male) |
| 18:47 | Build | Farm |
| 19:10 | Research | Castle Age |
| 19:15 | Build | Mining Camp |
| 19:20 | Build | Farm |
| 19:21 | Queue | Spearman |
| 19:37 | Build | Lumber Camp |
| 19:51 | Research | Horse Collar |
| 20:24 | Build | Stable |
| 21:05 | Queue | Scout Cavalry |
| 21:06 | Queue | Scout Cavalry |
| 21:15 | Build | Watch Tower |
| 21:50 | Age | Castle Age |
| 22:50 | Queue | Scout Cavalry |
| 22:50 | Queue | Scout Cavalry |
| 22:56 | Build | Town Center |
| 23:07 | Queue | Knight |
| 23:07 | Queue | Knight |
| 23:09 | Queue | Villager (Male) |
| 23:10 | Queue | Villager (Male) |
| 23:26 | Queue | Knight |
| 23:34 | Build | Siege Workshop |
| 23:37 | Queue | Villager (Male) |
| 23:52 | Queue | Knight |
| 23:59 | Queue | Villager (Male) |
| 24:00 | Queue | Villager (Male) |
| 24:02 | Queue | Mangonel |
| 24:13 | Build | Farm |
| 24:21 | Build | House |
| 24:23 | Build | House |
| 24:33 | Queue | Villager (Male) |
| 24:34 | Queue | Villager (Male) |
| 24:34 | Queue | Villager (Male) |
| 24:54 | Queue | Mangonel |
| 24:55 | Queue | Mangonel |
| 25:20 | Build | Farm |
| 25:39 | Queue | Villager (Male) |
| 25:39 | Queue | Villager (Male) |
| 25:40 | Queue | Villager (Male) |
| 26:01 | Queue | Villager (Male) |
| 26:02 | Queue | Villager (Male) |
| 26:02 | Queue | Villager (Male) |
| 26:14 | Queue | Mangonel |
| 26:28 | Queue | Villager (Male) |
| 26:29 | Queue | Villager (Male) |
| 26:29 | Queue | Villager (Male) |
| 26:39 | Build | Farm |
| 26:40 | Build | Farm |
| 26:44 | Build | Lumber Camp |
| 26:50 | Build | Town Center |
| 26:51 | Queue | Villager (Male) |
| 26:52 | Queue | Villager (Male) |
Match timeline
| 7:20 | vallntin · first_building Barracks |
| 8:17 | OaRMäR · wall_segment Palisade Wall x1 |
| 8:29 | OaRMäR · first_building Barracks |
| 9:35 | OaRMäR · age_up feudal |
| 9:41 | OaRMäR · first_building Stable |
| 10:52 | vallntin · age_up feudal |
| 10:55 | vallntin · first_building Archery Range |
| 11:33 | OaRMäR · wall_segment Palisade Wall x1 |
| 15:08 | OaRMäR · first_building Archery Range |
| 19:00 | vallntin · first_market_buy 100 food |
| 19:03 | vallntin · first_market_sell 100 wood |
| 20:24 | vallntin · first_building Stable |
| 21:50 | vallntin · age_up castle |
| 23:34 | vallntin · first_building Siege Workshop |
| 24:54 | OaRMäR · age_up castle |
| 25:16 | OaRMäR · wall_segment Palisade Wall x1 |
| 25:55 | OaRMäR · first_building Siege Workshop |
| 27:12 | OaRMäR · resign |
[ AI ANALYSIS · 1 CREDIT ]
What really happened in this match?
Wolo.gg analyzes every decision: build order, eco, micro, common mistakes by bracket. Personalized analysis on WhatsApp or Discord in 30 seconds.
Civ guide
Byzantines
Perfil
Jugador #2106972